[ AOE2 MATCH · #493002446 ]
UnrankedMongols vs Malians
Player's team · LOSS
Rival team · WIN
[ REPLAY ANALYSIS · EXTRACTED FROM THE RECORDED GAME ]
Feudal
8:03
Castle
21:52
Imperial
—
| APM avg | 57.2 |
| APM peak | 96 |
| eAPM avg | 21.0 |
| Villagers / military | 96 / 57 |
Focus
⚔️ 46.8% · 🌾 53.2%
Skirmisher ×27 · Archer ×20 · Mangonel ×6 · Militia ×4
Feudal
8:51
Castle
20:46
Imperial
—
| APM avg | 92.2 |
| APM peak | 121 |
| eAPM avg | 45.3 |
| Villagers / military | 185 / 65 |
Focus
⚔️ 62.2% · 🌾 37.8%
Archer ×43 · Skirmisher ×8 · Mangonel ×6 · Monk ×4 · Militia ×2 · Scorpion ×1
Match map
Initial resources + every placement click. Lines = walls · curves = elevation contours. ◆ gold · ⬟ stone · ● berries · ✦ relic · ◌ wall gap
Your base· Open — unwalled flank
HaraKiri_aoe's base· Open — unwalled flank
Smoothed initial terrain · ◌ = detected wall gap · hover for details
Inputs per minute
— Fs.Jubileu - - HaraKiri_aoe
Build order — Fs.Jubileu
First 150 of 258 actions detected
| 0:00 | Create | Villager (Male) |
| 0:00 | Create | Villager (Male) |
| 0:00 | Create | Villager (Male) |
| 0:00 | Create | Villager (Male) |
| 0:00 | Create | Villager (Male) |
| 0:00 | Create | Villager (Male) |
| 0:00 | Create | Villager (Male) |
| 0:00 | Create | Villager (Male) |
| 0:00 | Create | Villager (Male) |
| 0:00 | Create | Villager (Male) |
| 0:01 | Create | Villager (Male) |
| 0:02 | Build | House |
| 0:03 | Build | House |
| 1:28 | Create | Villager (Male) |
| 1:28 | Create | Villager (Male) |
| 1:59 | Create | Villager (Male) |
| 1:59 | Create | Villager (Male) |
| 2:13 | Build | Lumber Camp |
| 2:27 | Create | Villager (Male) |
| 2:27 | Create | Villager (Male) |
| 2:27 | Create | Villager (Male) |
| 3:01 | Create | Villager (Male) |
| 3:01 | Create | Villager (Male) |
| 3:37 | Create | Villager (Male) |
| 3:37 | Create | Villager (Male) |
| 3:53 | Build | House |
| 4:02 | Create | Villager (Male) |
| 4:02 | Create | Villager (Male) |
| 4:11 | Create | Villager (Male) |
| 4:12 | Create | Villager (Male) |
| 4:12 | Create | Villager (Male) |
| 4:56 | Build | Barracks |
| 5:28 | Research | Loom |
| 5:36 | Build | House |
| 5:50 | Research | Feudal Age |
| 5:54 | Create | Militia |
| 6:17 | Create | Militia |
| 6:17 | Create | Militia |
| 6:37 | Create | Militia |
| 6:47 | Build | Mining Camp |
| 7:25 | Create | Villager (Male) |
| 8:03 | Age | Feudal Age |
| 8:07 | Create | Villager (Male) |
| 8:12 | Research | Man-at-Arms (upgrade) |
| 8:12 | Research | Man-at-Arms (upgrade) |
| 8:17 | Build | Archery Range |
| 8:34 | Create | Villager (Male) |
| 9:03 | Build | House |
| 9:08 | Create | Archer |
| 9:08 | Create | Archer |
| 9:16 | Create | Villager (Male) |
| 9:28 | Create | Villager (Male) |
| 9:29 | Create | Villager (Male) |
| 9:32 | Build | Mill |
| 9:40 | Create | Archer |
| 9:45 | Build | Palisade Wall |
| 9:48 | Build | Palisade Wall |
| 9:49 | Build | Palisade Wall |
| 9:50 | Build | Palisade Wall |
| 9:53 | Build | Palisade Wall |
| 9:57 | Build | Palisade Wall |
| 10:00 | Build | Palisade Wall |
| 10:04 | Build | Palisade Wall |
| 10:10 | Create | Villager (Male) |
| 10:12 | Build | Farm |
| 10:18 | Build | House |
| 10:24 | Create | Villager (Male) |
| 10:25 | Create | Archer |
| 10:26 | Create | Archer |
| 10:43 | Build | Farm |
| 10:54 | Create | Villager (Male) |
| 11:04 | Create | Villager (Male) |
| 11:11 | Create | Archer |
| 11:30 | Create | Villager (Male) |
| 11:32 | Build | Farm |
| 11:33 | Build | Farm |
| 11:35 | Create | Villager (Male) |
| 11:44 | Build | House |
| 11:53 | Build | Watch Tower |
| 12:14 | Create | Villager (Male) |
| 12:20 | Create | Villager (Male) |
| 12:32 | Build | Blacksmith |
| 12:43 | Create | Villager (Male) |
| 12:44 | Create | Villager (Male) |
| 13:02 | Build | Farm |
| 13:06 | Research | Double-Bit Axe |
| 13:06 | Research | Double-Bit Axe |
| 13:06 | Create | Villager (Male) |
| 13:22 | Build | House |
| 13:26 | Create | Villager (Male) |
| 13:28 | Build | Farm |
| 13:30 | Create | Archer |
| 13:31 | Create | Archer |
| 13:31 | Create | Archer |
| 13:38 | Build | House |
| 14:01 | Research | Fletching |
| 14:12 | Create | Villager (Male) |
| 14:15 | Build | Farm |
| 14:26 | Build | Farm |
| 14:28 | Build | Farm |
| 14:32 | Build | Farm |
| 14:34 | Create | Villager (Male) |
| 14:34 | Create | Villager (Male) |
| 14:37 | Create | Skirmisher |
| 14:37 | Create | Skirmisher |
| 14:44 | Build | House |
| 14:48 | Create | Villager (Male) |
| 14:48 | Create | Villager (Male) |
| 14:53 | Build | House |
| 14:54 | Build | Palisade Wall |
| 15:06 | Create | Villager (Male) |
| 15:13 | Build | Farm |
| 15:17 | Build | Farm |
| 15:29 | Create | Villager (Male) |
| 15:31 | Create | Skirmisher |
| 15:31 | Create | Skirmisher |
| 15:38 | Build | House |
| 15:43 | Create | Skirmisher |
| 16:12 | Build | House |
| 16:14 | Create | Villager (Male) |
| 16:17 | Build | Farm |
| 16:21 | Create | Skirmisher |
| 16:23 | Create | Villager (Male) |
| 16:23 | Create | Villager (Male) |
| 16:23 | Create | Villager (Male) |
| 17:01 | Create | Villager (Male) |
| 17:02 | Create | Archer |
| 17:08 | Build | Farm |
| 17:09 | Build | Farm |
| 17:13 | Create | Villager (Male) |
| 17:15 | Build | Farm |
| 17:48 | Create | Villager (Male) |
| 17:51 | Build | Farm |
| 17:59 | Build | Lumber Camp |
| 18:05 | Create | Archer |
| 18:05 | Create | Archer |
| 18:51 | Research | Castle Age |
| 19:10 | Build | Lumber Camp |
| 19:21 | Research | Padded Archer Armor |
| 19:21 | Research | Padded Archer Armor |
| 19:22 | Create | Archer |
| 19:22 | Create | Archer |
| 19:22 | Create | Archer |
| 19:39 | Research | Horse Collar |
| 19:50 | Build | House |
| 20:23 | Build | Archery Range |
| 20:49 | Build | Palisade Wall |
| 21:08 | Create | Villager (Male) |
| 21:11 | Build | House |
| 21:12 | Build | House |
Build order — HaraKiri_aoe
First 150 of 367 actions detected
| 0:00 | Create | Villager (Male) |
| 0:01 | Create | Villager (Male) |
| 0:02 | Build | House |
| 0:02 | Create | Villager (Male) |
| 0:04 | Build | House |
| 0:04 | Create | Villager (Male) |
| 1:13 | Create | Villager (Male) |
| 1:25 | Build | Lumber Camp |
| 1:55 | Create | Villager (Male) |
| 1:56 | Create | Villager (Male) |
| 2:28 | Create | Villager (Male) |
| 2:28 | Create | Villager (Male) |
| 2:51 | Create | Villager (Male) |
| 2:55 | Build | House |
| 3:19 | Create | Villager (Male) |
| 3:19 | Create | Villager (Male) |
| 3:25 | Create | Villager (Male) |
| 3:25 | Create | Villager (Male) |
| 3:40 | Create | Villager (Male) |
| 3:53 | Build | Mill |
| 3:56 | Create | Villager (Male) |
| 3:57 | Create | Villager (Male) |
| 4:10 | Create | Villager (Male) |
| 4:32 | Create | Villager (Male) |
| 4:55 | Create | Villager (Male) |
| 4:55 | Create | Villager (Male) |
| 5:09 | Create | Villager (Male) |
| 5:10 | Research | Loom |
| 5:21 | Create | Villager (Male) |
| 5:21 | Create | Villager (Male) |
| 5:21 | Create | Villager (Male) |
| 5:23 | Create | Villager (Male) |
| 5:26 | Create | Villager (Male) |
| 5:33 | Build | Barracks |
| 6:07 | Create | Villager (Male) |
| 6:17 | Build | House |
| 6:37 | Research | Feudal Age |
| 6:38 | Research | Feudal Age |
| 6:56 | Build | Mining Camp |
| 7:17 | Create | Militia |
| 7:20 | Create | Villager (Male) |
| 7:40 | Create | Villager (Male) |
| 7:45 | Build | Palisade Wall |
| 7:54 | Create | Militia |
| 7:56 | Build | Palisade Wall |
| 7:58 | Build | Palisade Wall |
| 8:05 | Create | Villager (Male) |
| 8:15 | Build | Palisade Wall |
| 8:17 | Build | House |
| 8:19 | Build | Palisade Wall |
| 8:23 | Build | Palisade Wall |
| 8:39 | Create | Villager (Male) |
| 8:51 | Age | Feudal Age |
| 8:52 | Create | Villager (Male) |
| 8:55 | Build | Archery Range |
| 9:05 | Create | Villager (Male) |
| 9:07 | Research | Double-Bit Axe |
| 9:07 | Research | Double-Bit Axe |
| 9:07 | Create | Villager (Male) |
| 9:12 | Build | Palisade Wall |
| 9:12 | Create | Villager (Male) |
| 9:23 | Create | Villager (Male) |
| 9:32 | Build | Palisade Wall |
| 9:33 | Create | Villager (Male) |
| 10:04 | Create | Villager (Male) |
| 10:05 | Create | Archer |
| 10:05 | Create | Archer |
| 10:06 | Create | Archer |
| 10:10 | Create | Villager (Male) |
| 10:10 | Create | Villager (Male) |
| 10:12 | Build | Palisade Wall |
| 10:15 | Build | House |
| 10:20 | Create | Villager (Male) |
| 10:21 | Create | Archer |
| 10:22 | Create | Villager (Male) |
| 10:28 | Build | Farm |
| 10:35 | Create | Archer |
| 10:43 | Create | Villager (Male) |
| 11:00 | Create | Villager (Male) |
| 11:02 | Create | Villager (Male) |
| 11:21 | Build | Farm |
| 11:26 | Create | Villager (Male) |
| 11:33 | Create | Villager (Male) |
| 11:35 | Create | Villager (Male) |
| 11:41 | Create | Villager (Male) |
| 11:50 | Create | Villager (Male) |
| 11:59 | Create | Skirmisher |
| 12:03 | Build | Blacksmith |
| 12:03 | Create | Villager (Male) |
| 12:14 | Create | Skirmisher |
| 12:15 | Create | Villager (Male) |
| 12:19 | Build | Farm |
| 12:20 | Create | Villager (Male) |
| 12:26 | Build | House |
| 12:27 | Build | House |
| 12:28 | Build | House |
| 12:31 | Create | Villager (Male) |
| 12:31 | Create | Villager (Male) |
| 12:41 | Research | Town Watch |
| 12:42 | Create | Villager (Male) |
| 12:42 | Create | Villager (Male) |
| 12:44 | Build | House |
| 12:45 | Build | House |
| 12:53 | Research | Fletching |
| 12:54 | Create | Villager (Male) |
| 13:01 | Create | Villager (Male) |
| 13:01 | Create | Villager (Male) |
| 13:05 | Research | Padded Archer Armor |
| 13:06 | Create | Villager (Male) |
| 13:10 | Build | Farm |
| 13:12 | Create | Villager (Male) |
| 13:14 | Create | Skirmisher |
| 13:19 | Build | Farm |
| 13:27 | Build | Market |
| 13:28 | Build | Palisade Wall |
| 13:31 | Build | Palisade Wall |
| 13:34 | Create | Villager (Male) |
| 13:47 | Create | Villager (Male) |
| 14:02 | Build | Farm |
| 14:03 | Build | Farm |
| 14:04 | Build | Farm |
| 14:13 | Create | Villager (Male) |
| 14:13 | Create | Villager (Male) |
| 14:15 | Create | Skirmisher |
| 14:30 | Build | House |
| 14:32 | Build | Palisade Wall |
| 14:36 | Create | Villager (Male) |
| 14:36 | Create | Villager (Male) |
| 14:38 | Build | Farm |
| 14:40 | Build | Farm |
| 14:46 | Create | Villager (Male) |
| 14:56 | Create | Skirmisher |
| 14:58 | Create | Villager (Male) |
| 15:03 | Build | Lumber Camp |
| 15:04 | Create | Villager (Male) |
| 15:09 | Create | Villager (Male) |
| 15:12 | Create | Villager (Male) |
| 15:15 | Build | Farm |
| 15:30 | Create | Villager (Male) |
| 15:35 | Create | Archer |
| 15:54 | Build | House |
| 15:58 | Create | Villager (Male) |
| 16:11 | Create | Archer |
| 16:14 | Build | House |
| 16:19 | Create | Villager (Male) |
| 16:20 | Build | Farm |
| 16:22 | Create | Archer |
| 16:59 | Create | Villager (Male) |
| 17:01 | Create | Archer |
| 17:01 | Create | Archer |
Match timeline
| 4:56 | Fs.Jubileu · first_building Barracks |
| 5:33 | HaraKiri_aoe · first_building Barracks |
| 7:45 | HaraKiri_aoe · wall_segment Palisade Wall x1 |
| 7:56 | HaraKiri_aoe · wall_segment Palisade Wall x1 |
| 7:58 | HaraKiri_aoe · wall_segment Palisade Wall x1 |
| 8:03 | Fs.Jubileu · age_up feudal |
| 8:15 | HaraKiri_aoe · wall_segment Palisade Wall x1 |
| 8:17 | Fs.Jubileu · first_building Archery Range |
| 8:19 | HaraKiri_aoe · wall_segment Palisade Wall x1 |
| 8:23 | HaraKiri_aoe · wall_segment Palisade Wall x1 |
| 8:51 | HaraKiri_aoe · age_up feudal |
| 8:55 | HaraKiri_aoe · first_building Archery Range |
| 9:12 | HaraKiri_aoe · wall_segment Palisade Wall x7 |
| 9:32 | HaraKiri_aoe · wall_segment Palisade Wall x8 |
| 9:45 | Fs.Jubileu · wall_segment Palisade Wall x1 |
| 9:48 | Fs.Jubileu · wall_segment Palisade Wall x1 |
| 9:49 | Fs.Jubileu · wall_segment Palisade Wall x1 |
| 9:50 | Fs.Jubileu · wall_segment Palisade Wall x1 |
| 9:53 | Fs.Jubileu · wall_segment Palisade Wall x1 |
| 9:57 | Fs.Jubileu · wall_segment Palisade Wall x1 |
| 10:00 | Fs.Jubileu · wall_segment Palisade Wall x1 |
| 10:04 | Fs.Jubileu · wall_segment Palisade Wall x1 |
| 10:12 | HaraKiri_aoe · wall_segment Palisade Wall x1 |
| 13:28 | HaraKiri_aoe · wall_segment Palisade Wall x1 |
| 13:31 | HaraKiri_aoe · wall_segment Palisade Wall x1 |
| 14:32 | HaraKiri_aoe · wall_segment Palisade Wall x10 |
| 14:54 | Fs.Jubileu · wall_segment Palisade Wall x4 |
| 16:01 | HaraKiri_aoe · first_market_sell 100 stone |
| 17:07 | HaraKiri_aoe · wall_segment Palisade Wall x1 |
| 17:20 | HaraKiri_aoe · first_market_buy 100 food |
| 20:46 | HaraKiri_aoe · age_up castle |
| 20:48 | HaraKiri_aoe · first_building Siege Workshop |
| 20:49 | Fs.Jubileu · wall_segment Palisade Wall x9 |
| 21:52 | Fs.Jubileu · age_up castle |
| 24:35 | HaraKiri_aoe · first_building Monastery |
| 25:31 | Fs.Jubileu · first_building Siege Workshop |
| 32:31 | HaraKiri_aoe · first_building Castle |
| 33:03 | Fs.Jubileu · resign |
[ AI ANALYSIS · 1 CREDIT ]
What really happened in this match?
Wolo.gg analyzes every decision: build order, eco, micro, common mistakes by bracket. Personalized analysis on WhatsApp or Discord in 30 seconds.
Civ guide
Mongols
Perfil
Jugador #284552